Match 42522584
Unlisted

Match 42522584
End
Kradschützen Motorcycle Team
Selects Italian Infantry
Panzerpioneer Squad
Panzerpioneer Squad
Construct Light Support Kompanie
MG34 Team
Selects Defensive Operations
2.5-tonne Medical Truck
Fire Support Elements
Panzerpioneer Squad
Pak 38 Mechanized Group
Flakvierling Half-track
Selects Prepared Positions
Forward Retreat Point
Construct Panzerarmee Kommand
Vehicle Survival Package
Selects Guastatori Squad
Kradschützen Motorcycle Team
Selects Registered Artillery
Panzer III L Medium Tank
Pak 38 Mechanized Group
Panzer III L Medium Tank
Flak 36 Anti-tank Gun Team
Emergency Repair Kits
Selects Obice 305mm Barrage
Guastatori Squad
Selects Towed Cannone da 105/28 Field Howitzer
Registered Artillery
Obice 305mm Barrage
Flak 36 Anti-tank Gun Team
THE one-冰封夕阳
dX
Rampart Basilone
MZMZ
Phan
NiuZeta
Roopdiggity
Dark Angels
0
0

Comments sign in to comment!

No comments posted yet!